AoeStats
← Autopawn

Lombardia

508343870Analyzed
3v3 RM · 10d ago on Sep 22, 2026· 24m 32s· 6 players
Game mode
Random Map
Map size
Normal (6 player)
Population
200
Speed
Normal
Resources
Standard
Victory
Conquest
Starting age
Dark Age
Ending age
Imperial Age
RankedLock teamsTeams togetherTeam positionsShared explorationLock speedFull tech treeHidden civsTurbo modeCheats
Victory
Defeat
🇨🇱 Mapuche · Chile
1048
+16
🇨🇱 Byzantines · Chile
1029
+16
🇨🇱 Spanish · Chile
1018
+17
🇦🇷 Saracens · Argentina
1061
-18
🇵🇪 Poles · Peru
1037
-16
🇨🇦 Huns · Canada
1018
-15
Autopawn
5:05 Loom
11:49 Feudal Age
17:20 Double-Bit Axe
18:34 Horse Collar
21:26 Castle Age
23:06 Husbandry
gabrieloresp
11:26 Feudal Age
15:03 Castle Age
14:58 Double-Bit Axe
alfredoruninm
7:07 Loom
8:35 Loom
11:05 Feudal Age
15:08 Castle Age
14:14 Double-Bit Axe
15:47 Fletching
17:34 Bodkin Arrow
20:32 Padded Archer Armor
21:55 Ballistics
24:08 Leather Archer Armor
jalouis79
4:32 Loom
11:46 Feudal Age
13:22 Double-Bit Axe
13:25 Horse Collar
16:04 Castle Age
15:26 Bloodlines
16:23 Fletching
17:41 Padded Archer Armor
18:25 Gold Mining
Jc
6:44 Loom
12:21 Feudal Age
13:06 Horse Collar
13:13 Double-Bit Axe
18:38 Castle Age
18:56 Wheelbarrow
20:29 Bow Saw
20:20 Heavy Plow
21:08 Hand Cart
escorpio_89_32
7:06 Loom
9:28 Feudal Age
15:10 Castle Age
14:20 Double-Bit Axe
15:23 Horse Collar
Connection lost

Rejoining the realm…

Still unreachable

The connection could not be restored.

Session expired

The server has moved on; the page needs a fresh start.